 Dungeon Crawl Stone Soup version 0.21.1-1-g345015f (webtiles) character file.

524 Hebeh the Chopper (level 7, -2/61 HPs)
             Began as a Minotaur Fighter on June 24, 2018.
             Slain by an iguana (6 damage)
             ... on level 4 of the Dungeon.
             The game lasted 00:07:09 (3787 turns).

Hebeh the Chopper (Minotaur Fighter)                Turns: 3787, Time: 00:07:09

Health: -2/61      AC:  7    Str: 22    XL:     7   Next: 2%
Magic:  6/6        EV:  7    Int:  5    God:
Gold:   147        SH: 10    Dex: 10    Spells: 6/6 levels left

rFire    . . .     SeeInvis .   a - +0 war axe
rCold    . . .     Gourm    .   c - +0 shield
rNeg     . . .     Faith    .   b - +0 scale mail
rPois    .         Spirit   .   (helmet restricted)
rElec    .         Reflect  .   (no cloak)
rCorr    .         Harm     .   (no gloves)
MR       .....                  (no boots)
Stlth    ..........             (no amulet)
HPRegen  0.20/turn              (no ring)
MPRegen  0.10/turn              (no ring)

@: no status effects
A: retaliatory headbutt, horns 2
a: no special abilities


You were on level 4 of the Dungeon.
You were not hungry.

You visited 1 branch of the dungeon, and saw 4 of its levels.

You collected 147 gold pieces.

Inventory:

Hand Weapons
 a - a +0 war axe (weapon)
 u - a +4 flail
Armour
 b - a +0 scale mail (worn)
 c - a +0 shield (worn)
Jewellery
 h - a +4 amulet of reflection {unknown}
 i - a cursed -3 ring of dexterity {unknown}
 n - an uncursed ring of protection from fire {unknown}
 t - an uncursed ring of see invisible {unknown}
Scrolls
 e - 3 scrolls of identify {unknown}
 k - a scroll of amnesia {unknown}
 o - a scroll of noise {unknown}
 q - a scroll of remove curse {unknown}
 s - a scroll of teleportation {unknown}
Potions
 d - a potion of might
 g - a potion of lignification {unknown}
 j - 2 potions of agility {unknown}
 l - a potion of curing {unknown}
 m - 2 potions of flight {unknown}
 p - a potion of resistance {unknown}
Comestibles
 f - 8 rations
 r - 2 chunks of flesh


   Skills:
 + Level 5.3 Fighting
 * Level 6.1 Axes
 + Level 5.3 Armour
 + Level 5.3 Shields


You had 6 spell levels left.
You didn't know any spells.

Dungeon Overview and Level Annotations

Branches:
Dungeon (4/15)
 Temple: D:4-7

Altars:
Elyvilon
Ru


Innate Abilities, Weirdness & Mutations

You reflexively headbutt those who attack you in melee.
You have a pair of horns on your head.


Message History

Your shield and scale mail prevent you from hitting the iguana.
The iguana bites you! The ogre barely misses you. You furiously retaliate!
You headbutt the ogre!
You are too injured to fight recklessly!
You are too injured to fight recklessly!
You are too injured to fight recklessly!
You hit the iguana.
The iguana is moderately wounded.
You block the iguana's attack. The ogre hits you with a giant club!!
* * * LOW HITPOINT WARNING * * *
You block the iguana's attack.
You slash the ogre!
You kill the ogre!
Your Axes skill increases to level 6!
You have reached level 7!
You closely miss the iguana. You block the iguana's attack.
You slash the iguana!
The iguana is severely wounded.
The iguana bites you.
You die...

#.......#.....'..............
#########.....#..............
#.....###########....
#...............#....
#...............#....
#..<............#....
##########...............#....
#........................#....
#............@...........#..>.
#............l)..........#....
#..................).....#....
#..............##+##.....#####
#####'####.....# ...
#.......#.....# .
#.......#.....#
#.......#.....#
#......)#.....#


You could see an iguana.

Vanquished Creatures
  2 ogres (D:4)
  An orc priest (D:4)
  A bullfrog skeleton (D:4)
  An orc wizard (D:4)
  2 iguanas (D:4)
  2 worker ants (D:4)
  3 gnolls (D:3)
  A howler monkey skeleton (D:4)
  4 adders
  An ooze (D:1)
  5 worms
  A dart slug (D:3)
  A leopard gecko (D:4)
  11 orcs
  2 ball pythons (D:3)
  3 giant cockroaches (D:2)
  5 goblins
  6 hobgoblins
  3 quokkas
  5 bats
  5 frilled lizards
  10 kobolds
  A quokka zombie (D:4)
  9 rats
85 creatures vanquished.

Notes
Turn   | Place    | Note
-------+----------+-------------------------------------------
     0 | D:1      | Hebeh the Minotaur Fighter began the quest for the Orb.
     0 | D:1      | Reached XP level 1. HP: 19/19 MP: 0/0
   192 | D:1      | Reached XP level 2. HP: 23/27 MP: 1/1
   515 | D:1      | Reached skill level 3 in Axes
   864 | D:2      | Reached XP level 3. HP: 32/33 MP: 2/2
   896 | D:2      | Found a sacrificial altar of Ru.
  1428 | D:2      | Reached XP level 4. HP: 40/40 MP: 3/3
  1687 | D:3      | Reached skill level 4 in Axes
  1903 | D:3      | HP: 2/41 [gnoll/halberd (6)]
  2384 | D:3      | Found a white marble altar of Elyvilon.
  2497 | D:3      | Reached XP level 5. HP: 45/47 MP: 4/4
  2908 | D:4      | Reached skill level 5 in Axes
  3135 | D:4      | Reached XP level 6. HP: 43/55 MP: 5/5
  3449 | D:4      | Reached skill level 5 in Fighting
  3449 | D:4      | Reached skill level 5 in Armour
  3449 | D:4      | Reached skill level 5 in Shields
  3785 | D:4      | Reached skill level 6 in Axes
  3785 | D:4      | Reached XP level 7. HP: 4/61 MP: 6/6
  3787 | D:4      | Slain by an iguana

Skill      XL: |  1  2  3  4  5  6 |
---------------+-------------------+-----
Axes           | 3 4 5 6 |  6.1
Fighting       | 4 5 |  5.3
Armour         | 4 5 |  5.3
Shields        | 4 5 |  5.3

Action                   |  1- 3 |  4- 6 |  7- 9 || total
-------------------------+-------+-------+-------++-------
Melee: War axe           |    99 |   120 |     1 ||   220
       Headbutt          |     9 |    19 |       ||    28
  Eat: Chunk             |     2 |     7 |       ||     9
Armor: Scale mail        |    37 |    43 |       ||    80
Dodge: Dodged            |    29 |    33 |       ||    62
Block: Shield            |    51 |    68 |     1 ||   120
